 Dungeon Crawl Stone Soup version 0.23.2-40-g277498a (webtiles) character file.

Game seed: 16268181525765279804

60 Fang the Skirmisher (level 4, -1/43 HPs)
             Began as a Gargoyle Berserker on Sept 4, 2019.
             Was a Believer of Trog.
             Slain by a worm (5 damage)
             ... on level 2 of the Dungeon.
             The game lasted 00:00:49 (1437 turns).

Fang the Skirmisher (Gargoyle Berserker)            Turns: 1437, Time: 00:00:50

Health: -1/43      AC:  5    Str: 26    XL:     4   Next: 6%
Magic:  4/4        EV: 12    Int:  8    God:    Trog [**....]
Gold:   75         SH:  0    Dex:  9    Spells: 3/3 levels left

rFire    . . .     SeeInvis +   a - +0 hand axe
rCold    . . .     Gourm    .   (no shield)
rNeg     + . .     Faith    .   b - +0 animal skin
rPois    ∞         Spirit   .   (no helmet)
rElec    +         Reflect  .   (no cloak)
rCorr    .         Harm     .   (no gloves)
MR       .....                  (no boots)
Stlth    ..........             o - amulet of inaccuracy (curse)
HPRegen  0.14/turn              i - ring of see invisible
MPRegen  0.09/turn              (no ring)

@: berserking, very quick
A: negative energy resistance 1, electricity resistance, unbreathing,
petrification resistance, rot immunity, AC +3
a: Berserk, Trog's Hand, Renounce Religion


You were on level 2 of the Dungeon.
You worshipped Trog.
Trog was pleased with you.
You were hungry.

You visited 1 branch of the dungeon, and saw 2 of its levels.

You collected 75 gold pieces.

Inventory:

Hand Weapons
 a - a +0 hand axe (weapon)
Armour
 b - a +0 animal skin (worn)
Jewellery
 i - a ring of see invisible (left hand)
 o - a cursed amulet of inaccuracy (around neck)
Scrolls
 d - 2 scrolls of identify {unknown}
 e - a scroll of fog {unknown}
 f - 3 scrolls of remove curse {unknown}
 n - 3 scrolls of teleportation {unknown}
Potions
 g - a potion of degeneration {unknown}
 h - 2 potions of flight {unknown}
 j - a potion of heal wounds {unknown}
 k - a potion of invisibility
 m - 2 potions of curing {unknown}
Comestibles
 c - 4 rations
 l - 7 chunks of flesh


   Skills:
 + Level 3.8 Fighting
 + Level 3.2 Axes
 + Level 3.0 Armour
 + Level 2.2 Dodging


You had 3 spell levels left.
You didn't know any spells.
Your spell library was empty.

Dungeon Overview and Level Annotations

Branches:
Dungeon (2/15)

Altars:


Innate Abilities, Weirdness & Mutations

You are resistant to torment.
Your stone body is resilient. (AC +3)
You are immune to poison.
You resist negative energy. (rN+)
You are resistant to electric shocks. (rElec)
You can survive without breathing.
You are immune to petrification.
You are immune to rotting.


Message History

* * * LOW HITPOINT WARNING * * *
The goblin misses you.
You closely miss the worm.
The worm is moderately wounded.
You miss the goblin. You closely miss the hobgoblin.
You completely miss the adder. The hobgoblin misses you. The adder bites you.
* * * LOW HITPOINT WARNING * * *
You closely miss the worm.
The worm is moderately wounded.
You miss the adder. You closely miss the hobgoblin. You miss the goblin.
The goblin barely misses you. The hobgoblin barely misses you.
The adder barely misses you.
You hit the worm.
The worm is severely wounded.
You barely miss the adder. You barely miss the hobgoblin. You slash the goblin!
You kill the goblin!
Trog accepts your kill.
Your Armour skill increases to level 3!
The worm bites you.
You die...

# # #......##.# #
###.#.#......##.#
####.........#..<##.#
...)..# #.......###.#
.#......#.......###.#
†.....#.#........##.#
...#.## #.#####..##.#
#.##.#
#.######.##.#..(
#....#
.......@g......
#.####
......#wS#.#... #.#
......#....# .....
.....# ##### ##...# .
...# .. ...# ... #..#


You could see a worm, an adder and a hobgoblin.

Vanquished Creatures
  An adder (D:2)
  2 oozes (D:1)
  2 worms (D:2)
  3 bats
  3 giant cockroaches (D:2)
  7 goblins
  5 hobgoblins
  A quokka (D:2)
  A ball python (D:1)
  5 kobolds
  5 rats
35 creatures vanquished.

Notes
Turn   | Place    | Note
-------+----------+-------------------------------------------
     0 | D:1      | Fang the Gargoyle Berserker began the quest for the Orb.
     0 | D:1      | Reached XP level 1. HP: 14/14 MP: 1/1
    37 | D:1      | Reached XP level 2. HP: 15/19 MP: 2/2
   823 | D:2      | Reached XP level 3. HP: 23/23 MP: 3/3
  1285 | D:2      | Reached ** piety under Trog
  1339 | D:2      | Reached XP level 4. HP: 25/29 MP: 4/4
  1437 | D:2      | Slain by a worm

Skill      XL: |  1  2  3  4 |
---------------+-------------+-----
Axes           | 3 |  3.2
Dodging        | 2 |  2.2
Armour         | 3 |  3.0
Fighting       | |  3.8

Action                   |  1- 3 |  4- 6 || total
-------------------------+-------+-------++-------
Melee: Hand axe          |    84 |    19 ||   103
Invok: Berserk           |     1 |     1 ||     2
  Eat: Chunk             |     2 |     1 ||     3
Armor: Animal skin       |    31 |     8 ||    39
Dodge: Dodged            |    71 |    14 ||    85
